 Dungeon Crawl Stone Soup version 0.31.0-32-g396128a36d (webtiles) character file.

Game seed: 543684864839526834

60 PaiMei the Grave Robber (level 3, 0/25 HPs)
             Began as a Demonspawn Necromancer on Mar 28, 2024.
             Killed by nerve-wracking pain
             ... invoked by an orc priest
              (11 damage)
             ... on level 3 of the Dungeon.
             The game lasted 00:03:06 (1541 turns).

PaiMei the Grave Robber (Demonspawn Necromancer)    Turns: 1541, Time: 00:03:06

Health: 0/25       AC:  2    Str:  8    XL:     3   Next: 80%
Magic:  2/6        EV: 12    Int: 17    God:
Gold:   64         SH:  0    Dex: 15    Spells: 3/7 levels left

rFire   . . .        f - +0 short sword
rCold   . . .        (no shield)
rNeg    . . .        a - +0 robe
rPois   .            (no helmet)
rElec   .            (no cloak)
rCorr   .            (no gloves)
SInv    .            (no boots)
Will    .....        (no amulet)
Stlth   +++          (no ring)
HPRegen 0.24/turn    (no ring)
MPRegen 0.20/turn

%: no passive effects
@: no status effects
A: thin skeletal structure 1, magic regeneration
a: no special abilities


You were on level 3 of the Dungeon.
You visited 1 branch of the dungeon, and saw 3 of its levels.

You collected 64 gold pieces.

Inventory:

Hand Weapons
 f - a +0 short sword (weapon)
Missiles
 h - 4 poisoned darts (quivered)
Armour
 a - a +0 robe (worn)
 p - the +0 ring mail of Midsummer {Rampage rElec rN+ Will+}
   (You found it on level 2 of the Dungeon)

   rElec:     It insulates you from electricity.
   rN+:       It protects you from negative energy.
   Will+:     It increases your willpower.
   Rampage:   It bestows one free step when moving towards enemies.
Jewellery
 c - an amulet of faith
Wands
 q - a wand of polymorph (15)
Scrolls
 e - a scroll of vulnerability {unknown}
 g - 2 scrolls of blinking {unknown}
 i - a scroll of revelation {unknown}
 j - a scroll of torment {unknown}
 l - a scroll of fear {unknown}
 m - a scroll of identify {unknown}
 o - a scroll of amnesia {unknown}
Potions
 b - a potion of magic
 d - 3 potions of curing {unknown}
 k - a potion of enlightenment {unknown}
 n - 2 potions of resistance {unknown}


   Skills:
 + Level 0.4 Fighting
 + Level 2.4 Dodging
 - Level 2.4 Stealth
 + Level 2.5 Spellcasting
 + Level 4.8 Necromancy


You had 3 spell levels left.
You knew the following spells:

 Your Spells              Type           Power      Damage    Failure   Level
a - Necrotise             Necr           72%        1d7       2%          1
b - Vampiric Draining     Necr           18%        2d7       8%          3

Your spell library contained the following spells:

 Spells                   Type           Power      Damage    Failure   Level
 Ensorcelled Hibernation  Hex/Ice        4%         N/A       28%         2
 Passwall                 Erth           2%         N/A       50%         3
 Swiftness                Air            2%         N/A       50%         3
 Animate Dead             Necr           18%        N/A       26%         4
 Curse of Agony           Necr           18%        N/A       56%         5


Dungeon Overview and Level Annotations

Branches:
Dungeon (3/15)

Altars:
Wu Jian


Innate Abilities, Weirdness & Mutations

You have a somewhat thin skeletal structure. (Dex +2, Stealth+)
You regenerate magic rapidly.


Message History

There is a stone staircase leading down here.
You start resting.
Magic restored.
You start resting.
Your orc skeleton crumbles into dust!
HP restored.
You climb downwards.
The orc priest barely misses you.
There is a stone staircase leading up here.
Casting: Necrotise (safe; 2% risk of failure)
Confirm with . or Enter, or press ? or * to list all spells.
Aiming: Necrotise (safe; 2% risk of failure)
Press: ? - help, Shift-Dir - straight line, f - orc priest
Aim: an orc priest, wielding a +0 dagger (chance to affect: 76%)
The orc priest writhes in agony.
The orc priest invokes the aid of Beogh against you.
You barely resist.
Casting: Necrotise (safe; 2% risk of failure)
Confirm with . or Enter, or press ? or * to list all spells.
Aiming: Necrotise (safe; 2% risk of failure)
Press: ? - help, Shift-Dir - straight line, f/p - orc priest
Aim: an orc priest, wielding a +0 dagger (lightly wounded, chance to affect: 76%)
The orc priest writhes in agony.
The orc priest misses you.
Casting: Necrotise (safe; 2% risk of failure)
Confirm with . or Enter, or press ? or * to list all spells.
Aiming: Necrotise (safe; 2% risk of failure)
Press: ? - help, Shift-Dir - straight line, f/p - orc priest
Aim: an orc priest, wielding a +0 dagger (heavily wounded, chance to affect: 76%)
The orc priest writhes in agony.
The orc priest calls down the wrath of Beogh upon you.
Pain shoots through your body!
Ouch! That really hurt!
Casting: Necrotise (safe; 2% risk of failure)
Confirm with . or Enter, or press ? or * to list all spells.
Aiming: Necrotise (safe; 2% risk of failure)
Press: ? - help, Shift-Dir - straight line, f/p - orc priest
Aim: an orc priest, wielding a +0 dagger (heavily wounded, chance to affect: 76%)
The orc priest writhes in agony.
The orc priest mumbles some strange prayers to Beogh against you.
Pain shoots through your body!
You die...

########
#....@)#
#....o......#
#.......#####
#....).##
.......P#
..#..P♣P..
...PPP♣♣♣P
♣PP♣♣


PP You could see an orc priest.

Vanquished Creatures
  A gnoll (D:1)
  4 orcs
  3 ball pythons
  3 bats
  4 endoplasms
  3 giant cockroaches
  2 goblins (D:1)
  6 hobgoblins
  2 kobolds (D:1)
  5 quokkas
  5 frilled lizards
  2 rats (D:1)
40 creatures vanquished.

Vanquished Creatures (collateral kills)
  A hobgoblin (D:2)
1 creature vanquished.

Grand Total: 41 creatures vanquished

Notes
Turn   | Place    | Note
-------+----------+-------------------------------------------
     0 | D:1      | PaiMei the Demonspawn Necromancer began the quest for the
                  | Orb.
     0 | D:1      | Reached XP level 1. HP: 13/13 MP: 3/3
   146 | D:1      | Gained mutation: You have a somewhat thin skeletal
                  | structure. (Dex +2, Stealth+) [demonic ancestry]
   146 | D:1      | Reached XP level 2. HP: 19/19 MP: 3/5
   521 | D:1      | Gained mutation: You regenerate magic rapidly. [demonic
                  | ancestry]
   521 | D:1      | Reached XP level 3. HP: 24/24 MP: 2/6
   525 | D:1      | Learned a level 3 spell: Vampiric Draining
  1185 | D:2      | Found an ornate altar of the Wu Jian Council.
  1295 | D:2      | Identified the +0 ring mail of Midsummer {Rampage rElec rN+
                  | Will+}
  1541 | D:3      | Killed from afar by an orc priest

Illustrated notes

Levels and vault maps discovered:
D:1:      wander_arrival_chamber, layout_loops_ring
D:2:      layout_rooms, basic_altar
D:3:      layout_rooms, serial_forest, infiniplex_forest_straight_3,
          infiniplex_forest_end_3, infiniplex_forest_straight_4,
          infiniplex_forest_clump_long, infiniplex_forest_clump_curved,
          serial_shops, nicolae_shop_drivethru

Skill      XL: |  1 |
---------------+----+-----
Stealth        | 2 |  2.4
Dodging        | 2 |  2.4
Fighting       | |  0.4
Spellcasting   | |  2.5
Necromancy     | |  4.8

Action                     || total
---------------------------++-------
  Melee: Short sword       ||     3
         Unarmed           ||     2
         Punch             ||     1
   Cast: Necrotise         ||    82
 Armour: Robe              ||    17
  Dodge: Dodged            ||    32
